 Dungeon Crawl Stone Soup version 0.21.1-1-g345015f (webtiles) character file.

159 Mesmaeker13 the Chiller (level 4, -1/33 HPs)
             Began as a Demigod Wanderer on Mar 20, 2018.
             Slain by an iguana (9 damage)
             ... on level 4 of the Dungeon.
             The game lasted 00:08:46 (4432 turns).

Mesmaeker13 the Chiller (Demigod Wanderer)          Turns: 4432, Time: 00:08:47

Health: -1/33      AC:  5    Str: 14    XL:     4   Next: 95%
Magic:  3/10       EV: 13    Int: 20    God:
Gold:   163        SH:  0    Dex: 14    Spells: 4/7 levels left

rFire    . . .     SeeInvis .   g - +1 dagger
rCold    . . .     Gourm    .   (no shield)
rNeg     . . .     Faith    .   c - +0 robe
rPois    .         Spirit   .   u - +2 helmet
rElec    .         Reflect  .   (no cloak)
rCorr    .         Harm     .   (no gloves)
MR       .....                  (no boots)
Stlth    ..........             (no amulet)
HPRegen  0.11/turn              h - ring of loudness
MPRegen  0.12/turn              k - ring of wizardry

@: no status effects
A: high mp 1
a: no special abilities


You were on level 4 of the Dungeon.
You were not hungry.

You visited 1 branch of the dungeon, and saw 5 of its levels.

You collected 163 gold pieces.

Inventory:

Hand Weapons
 g - a +1 dagger (weapon)
Armour
 c - a +0 robe (worn)
 u - a +2 helmet (worn)
Jewellery
 h - a ring of loudness (left hand)
 k - a ring of wizardry (right hand)
Scrolls
 s - a scroll of magic mapping
Potions
 d - a potion of curing
 i - a potion of agility
 l - a potion of ambrosia {unknown}
 n - a potion of brilliance {unknown}
 p - a potion of heal wounds {unknown}
 q - a potion of flight {unknown}
 r - a potion of magic {unknown}
 t - a potion of haste {unknown}
Books
 a - a book of Minor Magic

   Spells                             Type                      Level
   a - Magic Dart                     Conjuration                  1
   b - Blink                          Translocation                2
   c - Call Imp                       Summoning                    2
   d - Slow                           Hexes                        2
   e - Conjure Flame                  Conjuration/Fire             3
   f - Mephitic Cloud                 Conjuration/Poison/Air       3
 b - the Grimoire of Necromancy

   Spells                             Type                      Level
   a - Pain                           Necromancy                   1
   b - Vampiric Draining              Necromancy                   3
Comestibles
 f - 7 rations


   Skills:
 + Level 2.3 Dodging
   Level 1.7 Shields
 - Level 2.3 Spellcasting
 + Level 2.7 Conjurations
   Level 1.0 Hexes
 + Level 1.7 Summonings
   Level 3.6 Ice Magic


You had 4 spell levels left.
You knew the following spells:

 Your Spells              Type           Power        Failure   Level  Hunger
a - Magic Dart            Conj           ##..         1%          1    #......
b - Call Imp              Summ           #.......     4%          2    ##.....


Dungeon Overview and Level Annotations

Branches:
Dungeon (5/15)
 Temple: D:4-7

Annotations:
D:4 Dowan, Duvessa, Pikel


Innate Abilities, Weirdness & Mutations

You have an increased reservoir of magic. (+10% MP)


Message History

Confirm with . or Enter, or press ? or * to list all spells.
A beastly little devil appears in a puff of flame.
The iguana barely misses your iron imp.
Your iron imp hits the iguana.
The iguana bites your iron imp!
Your iron imp dies!
Your crimson imp blinks!
Your crimson imp blinks!
Your crimson imp blinks!
The iguana bites your crimson imp.
Your crimson imp hits the iguana but does no damage.
The iguana bites your crimson imp!
Your crimson imp dies!
The iguana hisses angrily.
Your crimson imp hits the iguana but does no damage.
Your crimson imp hits the iguana but does no damage.
Your crimson imp blinks!
Found a spear.
Your crimson imp hits the iguana but does no damage.
The iguana bites you!
You die...

.# .# .#
############
.#
#.)........#
.#
#..........#
.#
#..........#
.#
#(.........#
.#
#..........#
.#
#.....@....#
.#
#.....l....#
.#
####..5...##
.# #......#
.# +......#
.+ #...>..#
.# #......#
## ########


You could see an iguana and a friendly crimson imp.

Vanquished Creatures
  Robin (D:3)
  2 oozes
  4 dart slugs
  A worm (D:2)
  An orc (D:3)
  3 giant cockroaches
  9 goblins
  5 hobgoblins
  2 jackals (D:2)
  A quokka (D:3)
  2 ball pythons
  3 bats (D:1)
  2 frilled lizards (D:3)
  11 kobolds
  9 rats
56 creatures vanquished.

Vanquished Creatures (collateral kills)
  Sigmund (D:3)
1 creature vanquished.

Grand Total: 57 creatures vanquished

Notes
Turn   | Place    | Note
-------+----------+-------------------------------------------
     0 | D:1      | Mesmaeker13 the Demigod Wanderer began the quest for the Orb.
     0 | D:1      | Mesmaeker13 set off with: a book of Minor Magic, the Grimoire of Necromancy, a +0 robe, a +0 club, a ration
     0 | D:1      | Reached XP level 1. HP: 14/14 MP: 5/5
     0 | D:1      | Identified the Grimoire of Necromancy
     2 | D:1      | Learned a level 1 spell: Magic Dart
   665 | D:1      | Reached XP level 2. HP: 20/20 MP: 1/7
   922 | D:1      | Reached skill level 1 in Dodging
  1886 | D:2      | Reached XP level 3. HP: 25/26 MP: 2/9
  1898 | D:2      | Found a sacrificial altar of Ru.
  2459 | D:2      | Learned a level 2 spell: Call Imp
  2632 | D:3      | Noticed Sigmund
  3018 | D:3      | Noticed Robin
  3039 | D:3      | Killed Robin
  3255 | D:4      | Noticed Duvessa
  3255 | D:4      | Noticed Dowan
  3349 | D:4      | Noticed an ogre
  3571 | D:3      | Killed Sigmund
  3571 | D:3      | Reached skill level 1 in Summonings
  3571 | D:3      | Reached XP level 4. HP: 33/33 MP: 2/10
  3819 | D:3      | Found a white marble altar of Elyvilon.
  3963 | D:3      | Found a stormy altar of Qazlal.
  4385 | D:4      | Noticed Pikel
  4385 | D:4      | Noticed a slave
  4385 | D:4      | Noticed a slave
  4391 | D:4      | Noticed a slave
  4391 | D:5      | Entered Level 5 of the Dungeon
  4432 | D:4      | Slain by an iguana

Skill      XL: |  1  2  3 |
---------------+----------+-----
Spellcasting   | 2 |  2.3
Dodging        | 1 2 |  2.3
Conjurations   | 2 |  2.7
Summonings     | 1 |  1.7
Shields        | |  1.7
Hexes          | |  1.0
Ice Magic      | |  3.6

Action                   |  1- 3 |  4- 6 || total
-------------------------+-------+-------++-------
Melee: Dagger            |    43 |    14 ||    57
 Cast: Magic Dart        |   133 |    16 ||   149
       Call Imp          |     4 |     4 ||     8
  Use: Scroll            |     5 |     5 ||    10
       Potion            |     2 |       ||     2
  Eat: Ration            |     1 |     1 ||     2
       Chunk             |     5 |     1 ||     6
Armor: Robe              |    15 |     3 ||    18
       Skin              |     5 |       ||     5
Dodge: Dodged            |    45 |    28 ||    73
